Workbook

Sheet CONSOLIDADA
B3: SECRETARIA DISTRITAL DE LA MUJER _x000D_
B4: ANEXO OFERTA ECONÓMICA
B6: Objeto: Prestar los servicios de alimentación, hospedaje y servicios básicos, en el modelo intermedio para la atención a mujeres víctimas de violencia y sus personas a cargo.
B7: NOMBRE PERSONA JURÍDICA Ó NATURAL:
B8: No. IDENTIFICACIÓN:
B9: DIRECCIÓN:
B10: TELÉFONO:
B11: E-MAIL:
B12: PAGINA WEB:
B13: VIGENCIA DE LA PROPUESTA:
B14: ESPECIFICACIONES DE SERVICIO
B15: A. RECURSO HUMANO | C15: CANTIDAD | D15: COSTO UNITARIO MÁXIMO | E15: COSTO UNITARIO OFERTADO | F15: COSTO UNITARIO REDONDEADO | G15: TOTAL
B16: Coordinadora Técnica y Administrativa | C16: 1 | D16: 6204920 | F16: =ROUND(E16,0) -> 0 | G16: =ROUND((F16*C16),0) -> 0
B17: Apoyo Administrativo, operativo y logístico | C17: 4 | D17: 3224060 | F17: =ROUND(E17,0) -> 0 | G17: =ROUND((F17*C17),0) -> 0
B18: Apoyo Auxiliar de pedagogía | C18: 1 | D18: 3211970 | F18: =ROUND(E18,0) -> 0 | G18: =ROUND((F18*C18),0) -> 0
B19: TOTAL ESTIMADO RECURSO HUMANO MES | C19: =SUM(C16:C18) -> 6 | G19: =SUM(G16:G18) -> 0
B20: B. SERVICIO DE ALOJAMIENTO | C20: CANTIDAD | D20: COSTO UNITARIO MÁXIMO | E20: COSTO UNITARIO OFERTADO | F20: COSTO UNITARIO REDONDEADO | G20: TOTAL
B21: ALOJAMIENTO (Incluye inmueble, servicios públicos y dotación) | C21: 1 | D21: 46504540 | F21: =ROUND(E21,0) -> 0 | G21: =F21 -> 0
B22: C. VIGILANCIA 24 HORAS | C22: CANTIDAD | D22: COSTO UNITARIO MÁXIMO | E22: COSTO UNITARIO OFERTADO | F22: COSTO UNITARIO REDONDEADO | G22: TOTAL
B23: RECURSO HUMANO SIN ARMA (24 HORAS) | C23: 1 | D23: 11024640 | F23: =ROUND(E23,0) -> 0 | G23: =ROUND((F23*C23),0) -> 0
B24: 1 CÁMARA (Incluidos elementos de instalación, funcionamiento y programacion) | C24: 1 | D24: 820000 | F24: =ROUND(E24,0) -> 0 | G24: =ROUND((F24*C24),0) -> 0
B25: EQUIPO CON CAPACIDAD DE GRABACIÓN Y COPIAS DE SEGURIDAD | C25: 1 | D25: 700000 | F25: =ROUND(E25,0) -> 0 | G25: =ROUND((F25*C25),0) -> 0
B26: BOTON DE PANICO CON SIRENA | C26: 1 | D26: 245130 | F26: =ROUND(E26,0) -> 0 | G26: =ROUND((F26*C26),0) -> 0
B27: VALOR VIGILANCIA MES | G27: =+SUM(G23:G26) -> 0
B28: D. ALIMENTARIA (VER NOTA 3) | C28: CANTIDAD | D28: DESCRIPCIÓN | E28: COSTO UNITARIO MÁXIMO | F28: COSTO UNITARIO REDONDEADO | G28: TOTAL
B29: 0 a 5 meses | C29: 1 | D29: Desayuno, almuerzo, cena y 2 refrigerios | E29: =+SUM(D57:F57)+(G57*2) -> 31800 | F29: =+L57+M57+N57+(O57*2) -> 0 | G29: =+ROUND((F29*C29),0) -> 0
B30: 6 a 8 meses | C30: 1 | D30: Desayuno, almuerzo, cena y 2 refrigerios | E30: =+SUM(D58:F58)+(G58*2) -> 31720 | F30: =+L58+M58+N58+(O58*2) -> 0 | G30: =+ROUND((F30*C30),0) -> 0
B31: 9 a 11 meses | C31: 1 | D31: Desayuno, almuerzo, cena y 2 refrigerios | E31: =+SUM(D59:F59)+(G59*2) -> 31720 | F31: =+L59+M59+N59+(O59*2) -> 0 | G31: =+ROUND((F31*C31),0) -> 0
B32: 1 a 3 años y 11 meses | C32: 1 | D32: Desayuno, almuerzo, cena y 2 refrigerios | E32: =+SUM(D60:F60)+(G60*2) -> 36380 | F32: =+L60+M60+N60+(O60*2) -> 0 | G32: =+ROUND((F32*C32),0) -> 0
B33: 4 a 6 años y 11 meses | C33: 1 | D33: Desayuno, almuerzo, cena y 2 refrigerios | E33: =+SUM(D61:F61)+(G61*2) -> 36380 | F33: =+L61+M61+N61+(O61*2) -> 0 | G33: =+ROUND((F33*C33),0) -> 0
B34: 7 a 12 años y 11 meses | C34: 1 | D34: Desayuno, almuerzo, cena y 2 refrigerios | E34: =+SUM(D62:F62)+(G62*2) -> 37560 | F34: =+L62+M62+N62+(O62*2) -> 0 | G34: =+ROUND((F34*C34),0) -> 0 | P34: 0.7183612
B35: 13 a 17 años, y 11 meses | C35: 1 | D35: Desayuno, almuerzo, cena y 2 refrigerios | E35: =+SUM(D63:F63)+(G63*2) -> 39980 | F35: =+L63+M63+N63+(O63*2) -> 0 | G35: =+ROUND((F35*C35),0) -> 0 | P35: 4.0087721
B36: 18 a 59 años y 11 meses | C36: 1 | D36: Desayuno, almuerzo, cena y 2 refrigerios | E36: =+SUM(D64:F64)+(G64*2) -> 43140 | F36: =+L64+M64+N64+(O64*2) -> 0 | G36: =+ROUND((F36*C36),0) -> 0
B37: 60 años y más | C37: 1 | D37: Desayuno, almuerzo, cena y 2 refrigerios | E37: =+SUM(D65:F65)+(G65*2) -> 43140 | F37: =+L65+M65+N65+(O65*2) -> 0 | G37: =+ROUND((F37*C37),0) -> 0
B38: Gestantes Adultas | C38: 1 | D38: Desayuno, almuerzo, cena y 2 refrigerios | E38: =+SUM(D66:F66)+(G66*2) -> 43360 | F38: =+L66+M66+N66+(O66*2) -> 0 | G38: =+ROUND((F38*C38),0) -> 0
B39: Lactantes Adultas | C39: 1 | D39: Desayuno, almuerzo, cena y 2 refrigerios | E39: =+SUM(D67:F67)+(G67*2) -> 43360 | F39: =+L67+M67+N67+(O67*2) -> 0 | G39: =+ROUND((F39*C39),0) -> 0
B40: TOTAL ESTIMADO ASISTENCIA ALIMENTARIA MES | C40: 900 | F40: =ROUND(((F30*($C$40*3%))+(F31*($C$40*9%))+(F32*($C$40*21%))+(F33*($C$40*10%))+(F34*($C$40*15%))+(F35*($C$40*4%))+(F36*($C$40*24%))+(F38*($C$40*15%)))*P34,0) -> 0 | G40: =+F40 -> 0
B41: E. TRANSPORTE | C41: CANTIDAD | D41: COSTO UNITARIO MÁXIMO | E41: COSTO UNITARIO OFERTADO | F41: COSTO UNITARIO REDONDEADO | G41: TOTAL
B42: Transporte público a demanda (estimar valor mes) | C42: 1 | D42: 2167350 | F42: =ROUND(E42,0) -> 0 | G42: =F42 -> 0
B43: F. KITS DE HIGIENE Y ASEO PERSONAL (SEGÚN ANEXO TÉCNICO) (VER NOTA 3 Y 4) | C43: CANTIDAD | D43: COSTO KIT MÁXIMO | E43: COSTO KIT REDONDEADO | G43: TOTAL
B44: Kit 1. Niños y niñas de cero (0) a veintitrés (23) meses | C44: 1 | D44: 62800 | E44: =+'1. KITS DE ASEO E HIGIENE'!G9 -> 0 | G44: =E44 -> 0
B45: Kit 2. Niños y niñas de dos (2) a nueve (9 años | C45: 1 | D45: 70260 | E45: =+'1. KITS DE ASEO E HIGIENE'!G16 -> 0 | G45: =E45 -> 0
B46: Kit 3. Niñas / Mujeres entre 10 y 17 años o mujer desde los 18 años en adelante | C46: 1 | D46: 108140 | E46: =+'1. KITS DE ASEO E HIGIENE'!G25 -> 0 | G46: =E46 -> 0
B47: Kit 4. Niños / Hombres entre 10 y 17 años. | C47: 1 | D47: 84940 | E47: =+'1. KITS DE ASEO E HIGIENE'!G35 -> 0 | G47: =E47 -> 0
B48: TOTAL ESTIMADO MES KITS HIGIENE SEGÚN CANTIDADES UNITARIAS ANEXO TÉCNICO | C48: Detalle Hoja de Cálculo: 2. Kits de Aseo e Higiene por demanda | G48: =ROUNDUP(((G44*(30*5%))+(G45*(30*30%))+(G46*(30*55%))+(G47*(30*10%))),-1) -> 0
B49: ELEMENTOS HIGIENE A DEMANDA ESTIMADO MES | C49: Detalle Hoja de Cálculo: 3. Elementos Higiene por demanda x 37% (Factor de ejecución mes) (VER NOTA 5) | G49: =ROUNDUP('2. HIGIENTE Y ASEO A DEMANDA'!H31*37%,-1) -> 0
B50: VESTUARIO ESTIMADO MES | C50: Detalle Hoja de Cálculo: 4. Vestuario x 401% (Factor de ejecución mes) (VER NOTA 5) | G50: =ROUNDUP('3. VESTUARIO A DEMANDA'!H22*P35,-1) -> 0
B51: VALOR TOTAL FUNCIONAMIENTO ESTIMADO MES PARA LA CASA REFUGIO MODALIDAD INTERMEDIO (Incluido todos los impuestos, tasas, contribuciones de carácter nacional legales en que pueda incurrir el futuro contratista para la ejecución del contrato) | G51: =+G19+G21+G27+G40+G42+G48+G49+G50 -> 0
B55: DETALLE DEL VALOR DE ASISTENCIA ALIMENTARIA POR RANGO DE EDAD POR TIEMPOS DE ALIMENTACIÓN EN CASO QUE SE REQUIERA SEGÚN DEMANDA
B56: ASISTENCIA ALIMENTARIA| | C56: CANTIDAD | D56: Desayuno COSTO UNITARIO MÁXIMO | E56: Almuerzo COSTO UNITARIO MÁXIMO | F56: Cena COSTO UNITARIO MÁXIMO | G56: Refrigerio COSTO UNITARIO MÁXIMO | H56: Desayuno COSTO UNITARIO OFERTADO | I56: Almuerzo COSTO UNITARIO OFERTADO | J56: Cena COSTO UNITARIO OFERTADO | K56: Refrigerio COSTO UNITARIO OFERTADO | L56: Desayuno COSTO UNITARIO REDONDEADO | M56: Almuerzo COSTO UNITARIO REDONDEADO | N56: Cena COSTO UNITARIO REDONDEADO | O56: Refrigerio COSTO UNITARIO REDONDEADO
B57: 0 a 5 meses | C57: 1 | D57: 6000 | E57: 8900 | F57: 8900 | G57: 4000 | L57: =ROUND(H57,0) -> 0 | M57: =ROUND(I57,0) -> 0 | N57: =ROUND(J57,0) -> 0 | O57: =ROUND(K57,0) -> 0
B58: 6 a 8 meses | C58: 1 | D58: 5900 | E58: 8840 | F58: 8660 | G58: 4160 | L58: =ROUND(H58,0) -> 0 | M58: =ROUND(I58,0) -> 0 | N58: =ROUND(J58,0) -> 0 | O58: =ROUND(K58,0) -> 0
B59: 9 a 11 meses | C59: 1 | D59: 5900 | E59: 8840 | F59: 8660 | G59: 4160 | L59: =ROUND(H59,0) -> 0 | M59: =ROUND(I59,0) -> 0 | N59: =ROUND(J59,0) -> 0 | O59: =ROUND(K59,0) -> 0
B60: 1 a 3 años y 11 meses | C60: 1 | D60: 6480 | E60: 9960 | F60: 9660 | G60: 5140 | L60: =ROUND(H60,0) -> 0 | M60: =ROUND(I60,0) -> 0 | N60: =ROUND(J60,0) -> 0 | O60: =ROUND(K60,0) -> 0
B61: 4 a 6 años y 11 meses | C61: 1 | D61: 6480 | E61: 9960 | F61: 9660 | G61: 5140 | L61: =ROUND(H61,0) -> 0 | M61: =ROUND(I61,0) -> 0 | N61: =ROUND(J61,0) -> 0 | O61: =ROUND(K61,0) -> 0
B62: 7 a 12 años y 11 meses | C62: 1 | D62: 6780 | E62: 10230 | F62: 9950 | G62: 5300 | L62: =ROUND(H62,0) -> 0 | M62: =ROUND(I62,0) -> 0 | N62: =ROUND(J62,0) -> 0 | O62: =ROUND(K62,0) -> 0
B63: 13 a 17 años, y 11 meses | C63: 1 | D63: 7280 | E63: 11200 | F63: 10900 | G63: 5300 | L63: =ROUND(H63,0) -> 0 | M63: =ROUND(I63,0) -> 0 | N63: =ROUND(J63,0) -> 0 | O63: =ROUND(K63,0) -> 0
B64: 18 a 59 años y 11 meses | C64: 1 | D64: 7920 | E64: 12120 | F64: 11820 | G64: 5640 | L64: =ROUND(H64,0) -> 0 | M64: =ROUND(I64,0) -> 0 | N64: =ROUND(J64,0) -> 0 | O64: =ROUND(K64,0) -> 0
B65: 60 años y más | C65: 1 | D65: 7920 | E65: 12120 | F65: 11820 | G65: 5640 | L65: =ROUND(H65,0) -> 0 | M65: =ROUND(I65,0) -> 0 | N65: =ROUND(J65,0) -> 0 | O65: =ROUND(K65,0) -> 0
B66: Gestantes Adultas | C66: 1 | D66: 7920 | E66: 12120 | F66: 11820 | G66: 5750 | L66: =ROUND(H66,0) -> 0 | M66: =ROUND(I66,0) -> 0 | N66: =ROUND(J66,0) -> 0 | O66: =ROUND(K66,0) -> 0
B67: Lactantes Adultas | C67: 1 | D67: 7920 | E67: 12120 | F67: 11820 | G67: 5750 | L67: =ROUND(H67,0) -> 0 | M67: =ROUND(I67,0) -> 0 | N67: =ROUND(J67,0) -> 0 | O67: =ROUND(K67,0) -> 0
B70: NOTAS:
B72: 1. Todos y cada uno de los ítems ofertados, deben cumplir los requerimientos del Anexo Técnico del proceso y la normatividad vigente sobre el tema.
B73: 2. La presente Propuesta Económica estima el VALOR TOTAL FUNCIONAMIENTO ESTIMADO MES PARA LA CASA REFUGIO MODALIDAD INTERMEDIO (incluido IVA, cuando a ello hubiere lugar y demás impuestos, tasas, contribuciones, de carácter nacional y distrital, legales a que haya lugar, en que pueda incurrir el futuro contratista para la ejecución del contrato), por cada uno de los proponentes habilitados (Anexo de Oferta Económica), que corresponde a la sumatoria, del COSTO UNITARIO OFERTADO, de todos los ítems). Para tal efecto, deben tenerse en cuenta las reglas establecidas en el numeral 5.1.4.1., de los Estudios Previos del presente proceso.
B74: 3. Para la estimación mensual de los rubros Asistencia Alimentaria y Kits de Higiene y aseo personal, se tienen en cuenta los porcentajes de ocupación de la Casa Refugio (30 personas), por rango de edad mencionados en el numeral 4.5.2.3, literal a, romanillo iv, subnumeral 1 de los Estudios Previos. Se toma el máximo número de ocupación de una Casa Refugio para los 30 días del mes.
B75: 4. Los Kits de aseo e higiene, incluyen todos los items descritos en el numeral 5.2.2. del Anexo Técnico, Composición de los Kits de Aseo e Higiene Personal, por rangos de edad, por lo cual el proponente deberá diligenciar el COSTO UNITARIO OFERTADO, en la hoja de cálculo "2. KITS DE ASEO E HIGIENE", sin que la sumatoria de estos exceda el COSTO KIT MÁXIMO, definido por la entidad.
B76: 5. El valor estimado de los rubros Elementos de Higiene por Demanda, se calculan de acuerdo con el porcentaje de ejecución real presentando en el contrato 920 de 2022, vigente de la Casa Refugio, y detallados en el numeral 4.5.2.3, literal a, romanillo iv, subnumeral 2 de los Estudios Previos.
B77: 6. Se solicita diligenciar en la hoja de cálculo "4. Dotación", los valores unitarios de los elementos de dotación (bienes y enseres) descritos en cada una de las de las áreas y/o espacios de atención del Anexo Técnico en el numeral 4.2.2.2, a efectos de realizar los descuentos o disminuciones al reconocimiento del valor mensual del servicio de Alojamiento, en caso que alguno de los elementos no se encuentren disponibles, en óptimas condiciones, a disposición exclusiva de la operación de la casa refugio y que cumplan con las especificaciones descritas.
B78: 7. Para diligenciar el presente Anexo tenga en cuenta que debe verificarse de manera cuidadosa cada ítem e incluir el valor correspondiente sin sobrepasar el tope definido en el análisis de mercado para cada valor unitario a ofertar.

Sheet 1. KITS DE ASEO E HIGIENE
C3: SECRETARIA DISTRITAL DE LA MUJER _x000D_
C4: ANEXO OFERTA ECONÓMICA - HOJA 1. KITS DE ASEO E HIGIENE
B7: Elementos Entregables por Demanda
B8: KIT | C8: ELEMENTO | D8: PRESENTACIÓN | E8: CANTIDAD | F8: COSTO KIT MÁXIMO | G8: COSTO KIT REDONDEADO | H8: COSTO UNITARIO MÁXIMO | I8: COSTO UNITARIO OFERTADO | J8: COSTO UNITARIO REDONDEADO | K8: Subtotal
C9: SHAMPOO PARA BEBÉ | D9: 100 ml | E9: 1 | F9: 62800 | G9: =ROUND(SUM(K9:K15),0) -> 0 | H9: 12050 | J9: =ROUND(I9,0) -> 0 | K9: =+J9*E9 -> 0
C10: BARRA DE JABÓN PARA BAÑO | D10: 125 grs | E10: 1 | H10: 5350 | J10: =ROUND(I10,0) -> 0 | K10: =+J10*E10 -> 0
B11: Kit 1 - 0 a 23 meses | C11: CREMA ANTIPAÑALITIS | D11: 50 grs | E11: 1 | H11: 16540 | J11: =ROUND(I11,0) -> 0 | K11: =+J11*E11 -> 0
C12: PAQUETE TOALLAS HÚMEDAS | D12: Paq. 100 unidades | E12: 1 | H12: 13010 | J12: =ROUND(I12,0) -> 0 | K12: =+J12*E12 -> 0
C13: PEINILLA PARA BEBE | D13: Unidad | E13: 1 | H13: 4030 | J13: =ROUND(I13,0) -> 0 | K13: =+J13*E13 -> 0
C14: CEPILLO DE DIENTES PARA BEBÉS | D14: Unidad | E14: 1 | H14: 4490 | J14: =ROUND(I14,0) -> 0 | K14: =+J14*E14 -> 0
C15: CREMA DENTAL KIDS SIN FLUOR, NI COLORANTES, NI CONSERVANTES (NIÑAS-OS DE 0 A 2 AÑOS) | D15: Unidad x 70 a 80 gramos | E15: 1 | H15: 7330 | J15: =ROUND(I15,0) -> 0 | K15: =+J15*E15 -> 0
C16: SHAMPOO | D16: 100 ml | E16: 1 | F16: 70260 | G16: =ROUND(SUM(K16:K24),0) -> 0 | H16: 12640 | J16: =ROUND(I16,0) -> 0 | K16: =+J16*E16 -> 0
C17: BARRA DE JABÓN PARA BAÑO | D17: 125 grs | E17: 1 | H17: 5260 | J17: =ROUND(I17,0) -> 0 | K17: =+J17*E17 -> 0
C18: CEPILLO DE DIENTES PARA NIÑA (O) DE 2 A 5 AÑOS | D18: Unidad | E18: 1 | H18: 4280 | J18: =ROUND(I18,0) -> 0 | K18: =+J18*E18 -> 0
B19: Kit 2 - Niños y niñas 2 a 9 años | C19: CREMA DENTAL KIDS CON FLUOR (NIÑAS-OS DE 2 A 5 AÑOS) | D19: Unidad x 70 a 80 gramos | E19: 1 | H19: 8980 | J19: =ROUND(I19,0) -> 0 | K19: =+J19*E19 -> 0
C20: CEPILLO DE DIENTES PARA NIÑO (A) MAYORES DE 5 AÑOS | D20: Unidad | E20: 1 | H20: 4770 | J20: =ROUND(I20,0) -> 0 | K20: =+J20*E20 -> 0
C21: CREMA DENTAL NIÑO (A) MAYORES DE 5 AÑOS | D21: 100 ml | E21: 1 | H21: 6780 | J21: =ROUND(I21,0) -> 0 | K21: =+J21*E21 -> 0
C22: ROLLO DE PAPEL HIGIÉNICO | D22: Hoja doble x 36 mts | E22: 1 | H22: 3600 | J22: =ROUND(I22,0) -> 0 | K22: =+J22*E22 -> 0
C23: PEINILLA GRANDE PARA EL CABELLO | D23: Unidad | E23: 1 | H23: 3400 | J23: =ROUND(I23,0) -> 0 | K23: =+J23*E23 -> 0
C24: MASCARILLA DESECHABLE FABRICADO CON TEJIDO DE POLIPROPILENO 3 CAPAS, CON GOMA PARA SUJETAR DETRÁS DE LA OREJA. | D24: Unidad | E24: 3 | H24: 6850 | J24: =ROUND(I24,0) -> 0 | K24: =+J24*E24 -> 0
C25: SHAMPOO | D25: 100 ml | E25: 1 | F25: 108140 | G25: =ROUND(SUM(K25:K34),0) -> 0 | H25: 14720 | J25: =ROUND(I25,0) -> 0 | K25: =+J25*E25 -> 0
C26: BARRA DE JABÓN PARA BAÑO | D26: 125 grs | E26: 1 | H26: 5020 | J26: =ROUND(I26,0) -> 0 | K26: =+J26*E26 -> 0
C27: CEPILLO DE DIENTES PARA ADULTO | D27: Unidad - Cerda suave | E27: 1 | H27: 4520 | J27: =ROUND(I27,0) -> 0 | K27: =+J27*E27 -> 0
C28: CREMA DENTAL | D28: 100 ml | E28: 1 | H28: 6720 | J28: =ROUND(I28,0) -> 0 | K28: =+J28*E28 -> 0
B29: Kit 3 - Niñas de 10 a 17 años | C29: DESODORANTE EN ROLL ON | D29: 50ml | E29: 1 | H29: 10730 | J29: =ROUND(I29,0) -> 0 | K29: =+J29*E29 -> 0
B30: y mujeres de 18 años en | C30: TALCO PARA PIES | D30: 85 grs | E30: 1 | H30: 11670 | J30: =ROUND(I30,0) -> 0 | K30: =+J30*E30 -> 0
B31: adelante | C31: ROLLO DE PAPEL HIGIÉNICO | D31: Hoja doble x 36 mts | E31: 2 | H31: 3590 | J31: =ROUND(I31,0) -> 0 | K31: =+J31*E31 -> 0
C32: TOALLAS HIGIÉNICAS | D32: Paquete 10 unidades. Flujo normal en tela. | E32: 3 | H32: 7850 | J32: =ROUND(I32,0) -> 0 | K32: =+J32*E32 -> 0
C33: PEINILLA GRANDE PARA EL CABELLO | D33: Unidad | E33: 1 | H33: 3480 | J33: =ROUND(I33,0) -> 0 | K33: =+J33*E33 -> 0
C34: MASCARILLA DESECHABLE FABRICADO CON TEJIDO DE POLIPROPILENO 3 CAPAS, CON GOMA O CAUCHO PARA SUJETAR DETRÁS DE LA OREJA. | D34: Unidad | E34: 3 | H34: 6850 | J34: =ROUND(I34,0) -> 0 | K34: =+J34*E34 -> 0
C35: SHAMPOO | D35: 100 ml | E35: 1 | F35: 84940 | G35: =ROUND(SUM(K35:K43),0) -> 0 | H35: 16200 | J35: =ROUND(I35,0) -> 0 | K35: =+J35*E35 -> 0
C36: BARRA DE JABÓN PARA BAÑO | D36: 125 grs | E36: 1 | H36: 5020 | J36: =ROUND(I36,0) -> 0 | K36: =+J36*E36 -> 0
C37: CEPILLO DE DIENTES PARA PERSONA ADULTA | D37: Unidad – Cerda suave | E37: 1 | H37: 4520 | J37: =ROUND(I37,0) -> 0 | K37: =+J37*E37 -> 0
B38: Kit 4 - Niños de 10 a 17 años | C38: CREMA DENTAL | D38: 100 ml | E38: 1 | H38: 6710 | J38: =ROUND(I38,0) -> 0 | K38: =+J38*E38 -> 0
B39: y hombres hasta 17 años | C39: DESODORANTE EN ROLL ON | D39: 50 ml | E39: 1 | H39: 10730 | J39: =ROUND(I39,0) -> 0 | K39: =+J39*E39 -> 0
C40: TALCO PARA PIES | D40: 85 grs | E40: 1 | H40: 11670 | J40: =ROUND(I40,0) -> 0 | K40: =+J40*E40 -> 0
C41: ROLLO DE PAPEL HIGIÉNICO | D41: Hoja doble x 36 mts | E41: 2 | H41: 3030 | J41: =ROUND(I41,0) -> 0 | K41: =+J41*E41 -> 0
C42: PEINILLA GRANDE PARA EL CABELLO | D42: Unidad | E42: 1 | H42: 3480 | J42: =ROUND(I42,0) -> 0 | K42: =+J42*E42 -> 0
C43: MASCARILLA DESECHABLE FABRICADO CON TEJIDO DE POLIPROPILENO 3 CAPAS, CON GOMA PARA SUJETAR DETRÁS DE LA OREJA. | D43: Unidad | E43: 3 | H43: 6850 | J43: =ROUND(I43,0) -> 0 | K43: =+J43*E43 -> 0

Sheet 2. HIGIENTE Y ASEO A DEMANDA
B3: SECRETARIA DISTRITAL DE LA MUJER _x000D_
B4: ANEXO OFERTA ECONÓMICA - HOJA 2. ELEMENTOS HIGIENTE Y ASEO A DEMANDA
B6: Elementos Entregables por Demanda
B7: ELEMENTO | C7: PRESENTACIÓN | D7: CANTIDAD | E7: COSTO UNITARIO MÁXIMO | F7: COSTO UNITARIO OFERTADO | G7: COSTO UNITARIO REDONDEADO | H7: TOTAL
B8: CREMA DENTAL - TUBO 100 ML | C8: Tubo de 100ml, con flúor y calcio, protección anti-caries y sarro, sabor menta suave | D8: 15 | E8: 7790 | G8: =ROUND(F8,0) -> 0 | H8: =ROUND((G8*D8),0) -> 0
B9: CREMA DENTAL KIDS SIN FLUOR, NI COLORANTES, NI CONSERVANTES (NIÑAS-OS DE 0 A 2 AÑOS) | C9: Presentación de 70 a 80 gramos | D9: 10 | E9: 10010 | G9: =ROUND(F9,0) -> 0 | H9: =ROUND((G9*D9),0) -> 0
B10: CREMA DENTAL KIDS CON FLUOR (NIÑAS-OS DE 2 A 5 AÑOS) | C10: Presentación de 70 a 80 gramos | D10: 10 | E10: 10010 | G10: =ROUND(F10,0) -> 0 | H10: =ROUND((G10*D10),0) -> 0
B11: SEDA DENTAL 25M | C11: El hilo dental es un hilo con tecnología avanzada que desliza fácilmente entre los dientes sin deshilachar. | D11: 15 | E11: 11210 | G11: =ROUND(F11,0) -> 0 | H11: =ROUND((G11*D11),0) -> 0
B12: JABÓN DE TOCADOR - BARRA X 125 GRAMOS | C12: Pasta combinada de un álcali con los ácidos del aceite u otro cuerpo graso, soluble en el agua, propiedades detersorias, cáustico, de olor fuerte y característico, ligeramente soluble en agua y mucho en alcohol. Peso mínimo 125 gramos, desinfectante de manos y piel, presentación en barra. | D12: 30 | E12: 5290 | G12: =ROUND(F12,0) -> 0 | H12: =ROUND((G12*D12),0) -> 0
B13: PAPEL HIGIÉNICO BLANCO -DOBLE HOJA X 24 ROLLOS x 36 METROS | C13: Rollo con longitud mínima de 36 metros Doble hoja blanca, Sin olor ni fragancia | D13: 2 | E13: 31310 | G13: =ROUND(F13,0) -> 0 | H13: =ROUND((G13*D13),0) -> 0
B14: DESODORANTE ROLLON 50 ML | C14: Barra antitranspirante de 50 ML | D14: 20 | E14: 12540 | G14: =ROUND(F14,0) -> 0 | H14: =ROUND((G14*D14),0) -> 0
B15: SHAMPOO | C15: Frasco 100 ml | D15: 36 | E15: 14720 | G15: =ROUND(F15,0) -> 0 | H15: =ROUND((G15*D15),0) -> 0
B16: TOALLAS HIGIÉNICAS PAQUETES X 10 UNDS | C16: Paquete x 10 para ser entregado a la mujer acogida cuando se requiera | D16: 20 | E16: 10520 | G16: =ROUND(F16,0) -> 0 | H16: =ROUND((G16*D16),0) -> 0
B17: TOALLAS HIGIÉNICAS - MATERNIDAD- PAQUETE X 10 UNDS | C17: Paquete x 10 para ser entregado a la mujer acogida cuando se requiera | D17: 10 | E17: 12510 | G17: =ROUND(F17,0) -> 0 | H17: =ROUND((G17*D17),0) -> 0
B18: SHAMPOO PARA BEBE 1OO ML | C18: Para lavar cabellos delicados. | D18: 10 | E18: 15200 | G18: =ROUND(F18,0) -> 0 | H18: =ROUND((G18*D18),0) -> 0
B19: JABÓN PARA BEBE DE 125 GR | C19: Jabón barra Para lavar la piel delicada. | D19: 10 | E19: 6090 | G19: =ROUND(F19,0) -> 0 | H19: =ROUND((G19*D19),0) -> 0
... B30: PAQUETE DE PAÑAL PARA ADULTO TALLA L | C30: 10 unidades | D30: 1 | E30: 68570 | G30: =ROUND(F30,0) -> 0 | H30: =ROUND((G30*D30),0) -> 0
B31: TOTAL KITS HIGIENE ENTREGABLES POR DEMANDA | H31: =SUM(H8:H30) -> 0

Sheet 3. VESTUARIO A DEMANDA
B3: SECRETARIA DISTRITAL DE LA MUJER _x000D_
B4: ANEXO OFERTA ECONÓMICA - HOJA 3. VESTUARIO A DEMANDA
B6: Elementos Entregables por Demanda
B7: NECESIDAD | C7: ESPECIFICACIONES | D7: CANTIDAD | E7: COSTO UNITARIO MÁXIMO | F7: COSTO UNITARIO OFERTADO | G7: COSTO UNITARIO REDONDEADO | H7: TOTAL
B8: PANTIES | C8: Mujer Adulta: Tallas S, M, L, XL, XXL. | D8: 1 | E8: 28660 | G8: =ROUND(F8,0) -> 0 | H8: =ROUND((G8*D8),0) -> 0
B9: BRASSIER | C9: Mujer Adulta: Tallas S, M, L, XL, XXL. | D9: 1 | E9: 49500 | G9: =ROUND(F9,0) -> 0 | H9: =ROUND((G9*D9),0) -> 0
B10: PAR DE MEDIAS | C10: Mujer Adulta: Tallas S, M, L, XL, XXL. | D10: 1 | E10: 17250 | G10: =ROUND(F10,0) -> 0 | H10: =ROUND((G10*D10),0) -> 0
B11: PANTIES MATERNOS | C11: Mujer Embarazada: S, M, L, XL, XXL. | D11: 1 | E11: 41270 | G11: =ROUND(F11,0) -> 0 | H11: =ROUND((G11*D11),0) -> 0
B12: BRASSIER MATERNO | C12: Mujer Embarazada: S, M, L, XL, XXL. | D12: 1 | E12: 57660 | G12: =ROUND(F12,0) -> 0 | H12: =ROUND((G12*D12),0) -> 0
B13: PAR DE MEDIAS | C13: Mujer Embarazada: S, M, L, XL, XXL. | D13: 1 | E13: 21130 | G13: =ROUND(F13,0) -> 0 | H13: =ROUND((G13*D13),0) -> 0
B14: PANTIES | C14: Niña: Tallas 2, 4, 6, 8, 12, 14, 16. | D14: 1 | E14: 17590 | G14: =ROUND(F14,0) -> 0 | H14: =ROUND((G14*D14),0) -> 0
B15: TOP O ACOSTUMBRADOR | C15: Niña: Tallas 2, 4, 6, 8, 12, 14, 16. | D15: 1 | E15: 16070 | G15: =ROUND(F15,0) -> 0 | H15: =ROUND((G15*D15),0) -> 0
B16: PAR DE MEDIAS | C16: Niña: Tallas 2, 4, 6, 8, 12, 14, 16. | D16: 1 | E16: 14140 | G16: =ROUND(F16,0) -> 0 | H16: =ROUND((G16*D16),0) -> 0
B17: BÓXER O CALZONCILLOS | C17: Niño: Tallas 2, 4, 6, 8, 12, 14, 16. | D17: 1 | E17: 16890 | G17: =ROUND(F17,0) -> 0 | H17: =ROUND((G17*D17),0) -> 0
B18: PAR DE MEDIAS | C18: Niño: Tallas 2, 4, 6, 8, 12, 14, 16. | D18: 1 | E18: 14150 | G18: =ROUND(F18,0) -> 0 | H18: =ROUND((G18*D18),0) -> 0
B19: PRIMERA MUDA (APLICA SOLO PARA BEBES NACIDOS DURANTE EL PROCESO) | C19: Bebes: 0 | D19: 1 | E19: 92200 | G19: =ROUND(F19,0) -> 0 | H19: =ROUND((G19*D19),0) -> 0
... B21: SET 2 PARES DE MEDIAS | C21: Bebes: 0-3, 3-6, 6-12, 12-18 Meses | D21: 1 | E21: 19880 | G21: =ROUND(F21,0) -> 0 | H21: =ROUND((G21*D21),0) -> 0
B22: TOTAL VESTUARIO ENTREGABLE POR DEMANDA | H22: =SUM(H8:H21) -> 0

Sheet 4. DOTACIÓN
B3: SECRETARIA DISTRITAL DE LA MUJER _x000D_
B4: ANEXO OFERTA ECONÓMICA - HOJA 4. DOTACIÓN
B6: Elementos de Dotación
B7: NECESIDAD | C7: ESPECIFICACIONES | D7: CANTIDAD | E7: COSTO UNITARIO MÁXIMO | F7: COSTO UNITARIO OFERTADO | G7: COSTO UNITARIO REDONDEADO | H7: TOTAL
B8: Requisitos de las áreas y/o espacios de atención
B9: SILLA ÁREA DE INGRESO (Se cotiza el valor unitario) | D9: 1 | E9: 268630 | G9: =ROUND(F9,0) -> 0 | H9: =ROUND((G9*D9),0) -> 0
B10: ESCRITORIO ÁREA DE INGRESO (Se cotiza el valor unitario) | D10: 1 | E10: 873060 | G10: =ROUND(F10,0) -> 0 | H10: =ROUND((G10*D10),0) -> 0
B11: MESA ÁREA COMEDOR (Se cotiza el valor unitario) | D11: 1 | E11: 783930 | G11: =ROUND(F11,0) -> 0 | H11: =ROUND((G11*D11),0) -> 0
B12: SILLA ÁREA COMEDOR (Se cotiza el valor unitario) | D12: 1 | E12: 168720 | G12: =ROUND(F12,0) -> 0 | H12: =ROUND((G12*D12),0) -> 0
B13: LAVADORA ELÉCTRICA (CAPACIDAD 30 LIBRAS) (Se cotiza el valor unitario) | D13: 1 | E13: 3127400 | G13: =ROUND(F13,0) -> 0 | H13: =ROUND((G13*D13),0) -> 0
B14: SECADORA (CAPACIDAD 30 LIBRAS) (Se cotiza el valor unitario) | D14: 1 | E14: 3013240 | G14: =ROUND(F14,0) -> 0 | H14: =ROUND((G14*D14),0) -> 0
B15: CUNA - ÁREA DE DORMITORIOS (Se cotiza el valor unitario) | D15: 1 | E15: 787600 | G15: =ROUND(F15,0) -> 0 | H15: =ROUND((G15*D15),0) -> 0
B16: CAMA DOBLE - ÁREA DE DORMITORIOS (Se cotiza el valor unitario) | D16: 1 | E16: 1386480 | G16: =ROUND(F16,0) -> 0 | H16: =ROUND((G16*D16),0) -> 0
B17: CAMA SENCILLA O CAMAROTE (90 CM DE ANCHO POR 1.90 CM LARGO) - ÁREA DE DORMITORIOS (Se cotiza el valor unitario) | D17: 1 | E17: 1565440 | G17: =ROUND(F17,0) -> 0 | H17: =ROUND((G17*D17),0) -> 0
B18: CLOSET, GUARDARROPA, ARMARIO O LOCKER - ÁREA DE DORMITORIOS (Se cotiza el valor unitario) | D18: 1 | E18: 1000490 | G18: =ROUND(F18,0) -> 0 | H18: =ROUND((G18*D18),0) -> 0
B19: COMPUTADOR (Incluido paquete office) - ÁREA PARA ORIENTACIÓN PSICOSOCIAL Y ASESORÍA JURÍDICA Y ADMINISTRACIÓN (Se cotiza el valor unitario) | D19: 1 | E19: 3240260 | G19: =ROUND(F19,0) -> 0 | H19: =ROUND((G19*D19),0) -> 0
B20: IMPRESORA - ÁREA PARA ORIENTACIÓN PSICOSOCIAL Y ASESORÍA JURÍDICA Y ADMINISTRACIÓN (Se cotiza el valor unitario) | D20: 1 | E20: 1371690 | G20: =ROUND(F20,0) -> 0 | H20: =ROUND((G20*D20),0) -> 0
B21: GRAMERA DE ALIMENTOS O COCINA | C21: Digital Pantalla LCD Función de TARA/TARE Precisión: 1 g/1 oz Capacidad máxima: 5 Kg/11 lb Dos (2) unidades de medida de peso: gramos y libras Dos (2) unidades de medida de volumen: mililitros y onzas. Dimensiones: 221 x 150 x 20 mm | D21: 1 | E21: 114630 | G21: =ROUND(F21,0) -> 0 | H21: =ROUND((G21*D21),0) -> 0
B22: BÁSCULA DE RECEPCIÓN DE MATERIAS PRIMAS (Se cotiza el valor unitario) | C22: Electrónica Pantalla LED Función de TARA/TARE División mínima: 5 g (0 a 8 Kg) o 10 g (8 a 40 Kg) Capacidad máxima: 40 Kg Dimensiones: 35,8 x 35,5 x 14,2 cm Dimensiones plato: 35 x 29 cm Material: plástico y acero. | D22: 1 | E22: 423830 | G22: =ROUND(F22,0) -> 0 | H22: =ROUND((G22*D22),0) -> 0
B23: CUCHARAS / TAZAS MEDIDORAS (Se cotiza el valor unitario) | C23: Set de cuatro (4) cucharas o tazas medidoras: - 1 taza 1/4 capacidad 60 ml - 1 taza 1/3 capacidad 80 ml - 1 taza 1/2 capacidad 125 ml - 1 taza capacidad 250 ml Material: acero inoxidable. | D23: 1 | E23: 79890 | G23: =ROUND(F23,0) -> 0 | H23: =ROUND((G23*D23),0) -> 0
B24: TERMÓMETRO DIGITAL EN PUNZON (Se cotiza el valor unitario) | C24: Unidad para toma de temperatura de refrigeración, congelación y de alimentos cocidos. Rango de medición: -50ºC a 300ºC Material: plástico y acero inoxidable. | D24: 1 | E24: 71400 | G24: =ROUND(F24,0) -> 0 | H24: =ROUND((G24*D24),0) -> 0
B25: TOTAL ELEMENTOS DE PAPELERIA ENTREGABLES POR DEMANDA | H25: =SUM(H8:H24) -> 0
